Map: Dusk Towers

Players

Manta

  • Race: Zerg Zerg
  • League: Silver

Naptime - Winner!

  • Race: Zerg Zerg

VOD

Have the link to the VOD?

Description

Time

  • Played on: Feb. 16, 2016, 4:17 p.m.
  • Length: 14:32
Show
View Real Time Build Order
Export as new Build Order

Manta Zerg 

Build Orders: Pool First 

Get SALT Encoding   

  12  0:17  Drone x2  
  12  0:20  Overlord  
  14  0:40  Spawning Pool  
  13  0:43  Drone  
  13  0:44  Extractor  
  13  0:48  Drone  
  14  0:50  Drone  
  15  1:16  Hatchery  
  14  1:29  Queen  
  16  1:40  Spine Crawler  
  16  1:46  Zergling x2  
  16  1:54  Spine Crawler  
  15  2:05  Drone x2  
  17  2:26  Drone x2  
  19  2:32  Queen  
  19  2:36  Drone  
  21  3:01  Zergling x2  
  21  3:02  Zergling x4  
  21  3:03  Spine Crawler  
  21  3:30  Queen  
  21  3:31  Drone  
  22  3:52  Spine Crawler  
  21  3:55  Drone  
  21  3:58  Drone  
  23  4:14  Drone x3  
  23  4:15  Drone  
  27  4:28  Lair  
  27  4:31  Extractor  
  26  4:53  Overlord x2  
  26  4:59  Overlord  
  26  5:18  Drone x3  
  26  5:19  Drone  
  30  5:26  Hatchery  
  29  5:29  Hydralisk Den  
  29  5:31  Drone  
  29  5:45  Queen  
  31  5:52  Drone x2  
  31  5:53  Drone  
  31  5:56  Drone  
  35  5:57  Overlord  
  35  6:06  Roach Warren  
  34  6:37  Hydralisk x5  
  34  6:38  Hydralisk  
  34  6:39  Drone  
  47  6:54  Drone x3  
  47  6:57  Overlord  
  47  6:58  Overlord, Extractor  
  47  7:00  Drone  
  50  7:04  Extractor  
  49  7:17  Queen  
  49  7:19  Pneumatized Carapace  
  51  7:23  Drone x2  
  51  7:24  Drone x2  
  51  7:25  Drone  
  51  7:29  Drone  
  57  7:30  Drone  
  58  7:43  Hydralisk x2  
  62  7:45  Drone  
  62  7:46  Drone  
  64  8:12  Drone x3, Evolution Chamber  
  66  8:13  Overlord x2  
  66  8:15  Evolution Chamber  
  65  8:33  Drone  
  65  8:34  Drone x3  
  69  8:36  Drone x6  
  69  8:37  Drone x4  
  79  8:42  Drone x2  
  81  8:52  Drone  
  82  8:56  Overlord x4, Extractor  
  82  8:57  Extractor  
  80  9:17  Hydralisk  
  80  9:18  Hydralisk x7  
  80  9:22  Drone x2  
  80  9:23  Drone  
  99  9:24  Drone  
  99  9:26  Drone  
  99  9:27  Drone  
  102  9:41  Hatchery  
  101  9:56  Hatchery  
  101  9:57  Queen  
  101  9:58  Infestation Pit  
  101  10:00  Muscular Augments  
  99  10:21  Zerg Ground Armor Level 1, Zerg Missile Weapons Level 1  
  99  10:26  Queen  
  101  10:39  Hive  
  101  10:55  Drone x3  
  101  10:56  Drone x6  
  101  10:57  Drone x3, Overlord x2  
  112  10:58  Overlord x3  
  113  11:31  Hydralisk x5  
  113  11:32  Hydralisk x6  
  127  11:33  Hydralisk x7  
  127  11:37  Drone x3  
  158  11:45  Overlord x3  
  152  12:05  Overseer  
  152  12:14  Lair  
  152  12:29  Hatchery  
  148  12:32  Ultralisk Cavern  
  145  13:01  Lurker Den  
  145  13:06  Overlord x2  
  145  13:07  Overlord x3  
  143  13:29  Ultralisk x3  
  143  13:30  Ultralisk x6  
  143  13:32  Overlord x4  
  197  13:35  Overseer  
  197  13:40  Queen  
  199  13:47  Extractor  
  199  13:48  Hatchery, Extractor  
  198  14:05  Overseer x2  
  198  14:06  Overseer x2  
Show
View Real Time Build Order
Export as new Build Order

Naptime Zerg - Winner!

Build Orders: Pool First, Lurkers 

Get SALT Encoding   

  12  0:01  Drone  
  13  0:08  Drone  
  14  0:18  Extractor  
  13  0:22  Drone  
  14  0:33  Spawning Pool  
  13  0:37  Drone  
  14  0:47  Overlord  
  14  1:22  Metabolic Boost  
  14  1:32  Queen  
  16  1:44  Zergling x6  
  19  1:59  Zergling x2  
  20  2:18  Zergling x2  
  20  2:19  Zergling x2  
  22  2:34  Hatchery  
  21  2:40  Hatchery  
  20  2:55  Zergling x2  
  20  2:56  Zergling x2  
  16  3:46  Queen  
  18  3:56  Drone, Queen  
  18  3:59  Queen  
  23  4:03  Drone x2  
  23  4:09  Zergling x2  
  26  4:11  Overlord x3  
  26  4:43  Drone x2  
  26  4:44  Drone  
  29  4:46  Drone x3  
  29  4:48  Drone x6  
  29  4:52  Extractor  
  37  5:19  Evolution Chamber  
  37  5:20  Drone x3  
  39  5:28  Extractor  
  39  5:31  Extractor  
  39  5:32  Drone x10  
  39  5:33  Drone x2  
  49  5:49  Zerg Ground Armor Level 1  
  49  5:54  Extractor  
  48  5:59  Drone  
  48  6:00  Drone  
  50  6:36  Overlord x3  
  50  6:37  Overlord x2  
  50  6:38  Overlord  
  50  6:39  Overlord x3  
  50  6:41  Overlord x3  
  50  7:09  Hatchery  
  49  7:19  Roach Warren  
  48  7:26  Lair  
  48  7:28  Drone x6  
  48  7:29  Drone x3  
  57  7:31  Drone x3  
  57  7:32  Drone x3  
  63  8:31  Drone x6, Extractor  
  68  8:37  Glial Reconstitution  
  68  8:41  Drone x2  
  68  8:45  Queen  
  68  8:46  Drone  
  73  8:53  Zergling x2  
  73  8:54  Zergling x8, Roach x4  
  73  8:55  Zergling x12, Roach x5  
  101  8:56  Roach  
  104  9:33  Hydralisk Den  
  104  9:37  Evolution Chamber  
  102  9:39  Zergling x6, Roach x2  
  107  10:41  Overseer  
  107  10:42  Overseer  
  107  10:45  Lurker Den  
  107  10:48  Zerg Ground Armor Level 2  
  107  10:50  Zerg Missile Weapons Level 1  
  107  10:53  Drone x3  
  110  10:58  Drone  
  110  10:59  Drone x2  
  113  11:45  Hydralisk x9  
  113  11:46  Hydralisk x7  
  143  12:09  Ravager x5  
  143  12:11  Zergling x2  
  143  12:12  Overlord x5  
  143  12:14  Overlord x2  
  143  12:15  Overlord x2  
  149  12:17  Overlord x4  
  145  12:36  Lurker x6  
  149  12:41  Ravager  
  149  12:42  Ravager  
  151  12:54  Muscular Augments  
  151  13:38  Lurker  
  151  13:39  Lurker x6  
  151  13:40  Lurker x3  
  161  13:42  Hydralisk x3  
  161  13:43  Hydralisk x11  
  161  13:44  Zergling x6, Roach x2  
  161  13:45  Zergling x2, Roach  
Tags
 
Composition
Lurkers
League
Silver
Matchup
ZvZ
Race
Zerg
Replay Pack
sc2 replays (2)
Add a new tag
Caveats
  • Supply blocks, unpowered buildings, or Contaminate may cause inaccurate times.
  • Supply counts are checked every 10 seconds.